 Dungeon Crawl Stone Soup version 0.27.0-66-gdc8fb28755 (webtiles) character file.

Game seed: 3652973017475274606

136 Malachi the Ruffian (level 4, -3/41 HPs)
             Began as a Troll Hunter on Aug 20, 2021.
             Slain by Grinder (7 damage)
             ... while paralysed by Grinder
             ... on level 3 of the Dungeon.
             The game lasted 00:02:16 (1349 turns).

Malachi the Ruffian (Troll Hunter)                  Turns: 1349, Time: 00:02:16

Health: -3/41      AC:  4    Str: 21    XL:     4   Next: 98%
Magic:  3/3        EV:  1    Int:  9    God:
Gold:   59         SH:  0    Dex: 12    Spells: 3/3 levels left

rFire    . . .     SeeInvis .     - Unarmed
rCold    . . .     Faith    .   (no shield)
rNeg     . . .     Spirit   .   b - +0 robe
rPois    .         Reflect  .   (helmet restricted)
rElec    .         Harm     .   (no cloak)
rCorr    .         Rampage  .   (gloves unavailable)
Will     .....                  (boots unavailable)
Stlth    +.........             (no amulet)
HPRegen  1.13/turn              (no ring)
MPRegen  0.08/turn              (no ring)

@: paralysed
A: large, unfitting armour, claws 3, regeneration 1, shaggy fur 1, tough skin 1,
agile 1, clever 1, sense surroundings 1
a: no special abilities


You were on level 3 of the Dungeon.
You visited 1 branch of the dungeon, and saw 3 of its levels.

You collected 59 gold pieces.

Inventory:

Hand Weapons
 a - a +0 short sword
Missiles
 c - 2 large rocks (quivered)
 d - 2 throwing nets
Armour
 b - a +0 robe (worn)
Wands
 l - a wand of iceblast (9)
Scrolls
 g - 2 scrolls of teleportation
Potions
 f - 4 potions of brilliance
 h - a potion of haste {unknown}


   Skills:
 - Level 1.5 Fighting
 - Level 3.6 Throwing
 - Level 1.5 Dodging
 - Level 0.3 Stealth
 * Level 4.7 Unarmed Combat


You had 3 spell levels left.
You didn't know any spells.
Your spell library contained the following spells:

 Spells                   Type           Power      Damage    Failure   Level
 Portal Projectile        Hex/Tloc       0%         N/A       77%         3
 Blade Hands              Tmut           0%         N/A       100%        5
 Excruciating Wounds      Necr           0%         N/A       100%        5


Dungeon Overview and Level Annotations

Branches:
Dungeon (3/15)

Altars:

Annotations:
D:3 Grinder


Innate Abilities, Weirdness & Mutations

You are too large for most types of armour.
You have claws for hands.
Your natural rate of healing is unusually fast.
You are covered in fur. (AC +1)
You have tough skin. (AC +1)
You are agile. (Dex +2)
Your mind is acute. (Int +2)
You passively map a small area around you.


Message History

Grinder comes into view.
A kobold comes into view. It is wielding a +0 short sword.
You claw the quokka!
You kill the quokka!
Grinder gestures at you.
You barely resist.
The kobold hits you with a +0 short sword.
You barely miss the kobold.
The kobold hits you with a +0 short sword.
You scratch the worm.
The worm is moderately wounded.
The kobold hits you with a +0 short sword.
Throw: 5 large rocks
Press: ? - help, Q - select action, (/) - cycle Shift-Dir - straight line, f - Grinder
Aim: Grinder (53% to hit)
You throw a large rock. The large rock closely misses Grinder.
Grinder completely misses you. The kobold barely misses you.
The worm bites you. Grinder hits you!
You writhe in agony.
Throw: 4 large rocks
Press: ? - help, Q - select action, (/) - cycle Shift-Dir - straight line, f/p - Grinder
Aim: Grinder (53% to hit)
You throw a large rock. The large rock hits Grinder.
Grinder is lightly wounded.
The kobold closely misses you. Grinder hits you. The worm barely misses you.
The kobold hits you with a +0 short sword.
Grinder gestures at you. Pain shoots through your body!
Throw: 3 large rocks
Press: ? - help, Q - select action, (/) - cycle Shift-Dir - straight line, f/p - Grinder
Aim: Grinder (lightly wounded, 53% to hit)
You throw a large rock. The large rock hits Grinder!!
Grinder is heavily wounded.
The kobold hits you with a +0 short sword.
Grinder gestures at you.
You suddenly lose the ability to move!
The worm bites you.
* * * LOW HITPOINT WARNING * * *
The kobold hits you with a +0 short sword.
* * * LOW HITPOINT WARNING * * *
Grinder hits you!
You die...

....###..).)§§###...#####
# #####..§#####.# ###...#
#.## , ####....# #..### *
#....##.####...# *
#.#####....<.#...# #.#
###........+ *
##.####.....#..##.# ,,,
#5@.....#####....<#
#.....wK###### ##.#..#
*..#...... * ....#
,#....... , ..#.. * *
,#........ ..... *
#........#* #####..... ,
#......* * * ,


You could see Grinder, a worm and a kobold.

Vanquished Creatures
  A scorpion (D:3)
  An adder (D:2)
  A dart slug (D:1)
  9 ball pythons
  4 endoplasms
  3 giant cockroaches
  7 goblins
  4 hobgoblins
  11 jackals
  4 kobolds
  3 quokkas
  3 bats
  5 frilled lizards
  4 rats
60 creatures vanquished.

Notes
Turn   | Place    | Note
-------+----------+-------------------------------------------
     0 | D:1      | Malachi the Troll Hunter began the quest for the Orb.
     0 | D:1      | Reached XP level 1. HP: 19/19 MP: 0/0
    23 | D:1      | Reached skill level 1 in Unarmed Combat
    29 | D:1      | Reached XP level 2. HP: 27/27 MP: 1/1
    99 | D:1      | Reached skill level 2 in Unarmed Combat
   386 | D:1      | Reached XP level 3. HP: 20/33 MP: 2/2
   634 | D:2      | Reached skill level 3 in Unarmed Combat
  1088 | D:2      | Reached XP level 4. HP: 41/41 MP: 3/3
  1229 | D:3      | Noticed a scorpion
  1236 | D:3      | Killed a scorpion
  1237 | D:3      | Reached skill level 4 in Unarmed Combat
  1325 | D:3      | Gained mutation: You are agile. (Dex +2) [potion of
                  | mutation]
  1325 | D:3      | Gained mutation: Your mind is acute. (Int +2) [potion of
                  | mutation]
  1325 | D:3      | Gained mutation: You passively map a small area around you.
                  | [potion of mutation]
  1341 | D:3      | Noticed Grinder
  1349 | D:3      | Paralysed by Grinder for 7 turns
  1349 | D:3      | Slain by Grinder

Illustrated notes

Levels and vault maps discovered:
D:1:      heliophobic_arrival_henge, layout_basic
D:2:      layout_basic
D:3:      layout_rooms, minmay_liquid_box, nrook_loot_triangle, uniq_grinder

Skill      XL: |  1  2  3  4 |
---------------+-------------+-----
Unarmed Combat | 1 2 3 4 |  4.7
Fighting       | |  1.5
Throwing       | |  3.6
Dodging        | |  1.5
Stealth        | |  0.3

Action                   |  1- 3 |  4- 6 || total
-------------------------+-------+-------++-------
Melee: Unarmed           |   142 |    24 ||   166
       Short sword       |     5 |       ||     5
Throw: Large rock        |       |     3 ||     3
  Use: Scroll            |       |     5 ||     5
       Potion            |       |     1 ||     1
 Stab: Sleeping          |     2 |       ||     2
Armor: Robe              |    59 |     5 ||    64
Dodge: Dodged            |    67 |    11 ||    78
